 Dungeon Crawl Stone Soup version 0.31.0-12-g77e489cdc1 (webtiles) character file.

Game seed: 17119463028114465482

7518 spaghetti the Carver (level 11, -6/72 (76) HPs)
             Began as a Tengu Chaos Knight on Mar 7, 2024.
             Was a Plaything of Xom.
             Mangled by a hornet (10 damage)
             ... while paralysed by a hornet
             ... on level 9 of the Dungeon.
             The game lasted 00:12:25 (7646 turns).

spaghetti the Carver (Tengu Chaos Knight)           Turns: 7646, Time: 00:12:26

HP:   -6/72 (76)    AC:  4    Str:  7    XL:     11   Next: 16%
MP:   12/12         EV:  2    Int: 21    God:    Xom [*.....]
Gold: 213           SH:  0    Dex: 27    Spells: 6/10 levels left

rFire   + . .        a - +1 falchion (heavy)
rCold   + . .        n - orb of Valiance {*Rage, rF+ rN+ Dex+5 Stlth- Earth}
rNeg    + + .        r - +1 leather armour of Atheism {rElec}
rPois   .            (helmet restricted)
rElec   +            (no cloak)
rCorr   +            (no gloves)
SInv    +            (boots unavailable)
Will    .....        f - amulet of regeneration
Stlth   +            v - ring of Duacegess {rN+ rCorr Str-3 Dex+6}
HPRegen 1.12/turn    d - ring of protection from cold
MPRegen 0.13/turn

%: random rage (20%), acrobat
@: paralysed, lethally poisoned (-6 -> -14), flying, slowed, drained
A: beak, talons 3, evasive flight, acrobatic, see invisible, clever 2
a: Renounce Religion


You were on level 9 of the Dungeon.
You worshipped Xom.
You were a special plaything of Xom.
You visited 1 branch of the dungeon, and saw 9 of its levels.
You also visited: Bailey.

You collected 381 gold pieces.
You spent 168 gold pieces at shops.

Inventory:

Hand Weapons
 a - a +1 heavy falchion (weapon)
Missiles
 t - 2 throwing nets (quivered)
Armour
 b - a +3 leather armour
 n - the orb of Valiance (worn) {*Rage, rF+ rN+ Dex+5 Stlth- Earth}
   (You found it on level 3 of the Dungeon)

   Dex+5:     It affects your dexterity (+5).
   rF+:       It protects you from fire.
   rN+:       It protects you from negative energy.
   Stlth-:    It makes you less stealthy.
   Earth:     It increases the power of your Earth spells.
 r - the +1 leather armour of Atheism (worn) {rElec}
   (You bought it in a shop on level 5 of the Dungeon)

   rElec:     It insulates you from electricity.
Jewellery
 d - a ring of protection from cold (right hand)
 f - an amulet of regeneration (around neck)
 i - a ring of flight
 q - an amulet of magic regeneration
 v - the ring of Duacegess (left hand) {rN+ rCorr Str-3 Dex+6}
   (You found it on level 5 of the Dungeon)

   [ring of dexterity]

   Str-3:     It affects your strength (-3).
   Dex+6:     It affects your dexterity (+6).
   rN+:       It protects you from negative energy.
   rCorr:     It protects you from acid and corrosion.
 y - a ring of poison resistance
Wands
 c - a wand of flame (12)
 s - a wand of iceblast (5)
Scrolls
 e - a scroll of teleportation
 g - 3 scrolls of vulnerability
 h - a scroll of noise
 j - 2 scrolls of poison
 k - a scroll of fear
 m - 2 scrolls of fog
 o - 3 scrolls of amnesia
 w - a scroll of revelation {unknown}
 z - a scroll of blinking
 A - 3 scrolls of enchant weapon
Potions
 l - 2 potions of lignification
 p - a potion of brilliance
 u - a potion of attraction
 x - a potion of resistance
 B - a potion of invisibility {unknown}
 C - 2 potions of heal wounds
 D - a potion of might
 E - a potion of mutation {unknown}
 F - a potion of curing {unknown}


   Skills:
 + Level 11.7 Fighting
 - Level 14.0 Long Blades
 - Level 2.1 Armour
 - Level 1.1 Dodging


You had 6 spell levels left.
You knew the following spells:

 Your Spells              Type           Power      Damage    Failure   Level
a - Sticky Flame          Fire/Alch      0%         2d4       95%         4

Your spell library contained the following spells:

 Spells                   Type           Power      Damage    Failure   Level
 Lesser Beckoning         Tloc           0%         N/A       36%         2
 Fugue of the Fallen      Necr           0%         N/A       61%         3
 Gell's Gravitas          Tloc           0%         N/A       61%         3
 Ozocubu's Armour         Ice            0%         N/A       61%         3
 Teleport Other           Tloc           0%         N/A       61%         3
 Ignite Poison            Fire/Alch      0%         N/A       95%         4
 Manifold Assault         Tloc           0%         N/A       95%         4
 Metabolic Englaciation   Hex/Ice        0%         N/A       100%        5
 Sculpt Simulacrum        Ice/Alch       0%         N/A       100%        6
 Ignition                 Fire           0%         3d3       100%        8


Dungeon Overview and Level Annotations

Branches:
Dungeon (9/15)             Temple (0/1) D:7            Lair (0/5) D:8
 Bailey (visited)
    Orc: D:9-12

Altars:
Cheibriados
Gozag
Makhleb
Nemelex Xobeh
Ru
Sif Muna
Uskayaw
Wu Jian
Xom

Shops:
D:3 *   D:5 [

Annotations:
D:4 2 transporters, SuccubiThighs's ghost, amateur OnGl


Innate Abilities, Weirdness & Mutations

You have a beak for a mouth.
You have claws for feet.
Your magical flight helps you evade attacks. (EV +4)
You can magically evade attacks while moving or waiting.
You have supernaturally acute eyesight. (SInv)
Your mind is very acute. (Int +8, Str/Dex -2)


Message History

Unknown command.
You closely miss the hornet. You claw the hornet, but do no damage.
The hornet is moderately wounded.
You feel sick. The hornet stings you.
You feel yourself slow down. The hornet stings you!
You feel as though you will be slow longer.
You slash the hornet! You claw the hornet, but do no damage.
Your peck misses the hornet.
The hornet is severely wounded.
You feel sick. The hornet stings you!
You feel as though you will be slow longer.
The hornet closely misses you.
Unknown command.
Unknown command.
You hit the hornet.
The hornet is almost dead.
You feel sick.
You hear Xom's maniacal laughter.
You partially resist.
You feel drained. The hornet closely misses you. The hornet stings you!
You feel as though you will be slow longer.
Unknown command.
Unknown command.
You closely miss the hornet. You claw the hornet.
The hornet is almost dead.
You feel sick. The hornet stings you.
* * * LOW HITPOINT WARNING * * *
You are more poisoned.
You suddenly lose the ability to move!
The hornet stings you but does no damage.
You feel very sick. The hornet stings you!
* * * LOW HITPOINT WARNING * * *
You are lethally poisoned!
You feel as though you will be slow longer.
* * * LOW HITPOINT WARNING * * *
You feel very sick. The hornet stings you!
You die...
Xom guffaws!

#...8 $8) 8...#
#..... #.... .$.
....# ##.####
#....##.##....# ##..#
#......8......# #..##
#.............####.##
#.............#....#
#......W......#.####
#######y#######.#
#.@.......#
###########


You could see a hornet and a shadow (invisible).

Vanquished Creatures
  2 vault guards (Bailey)
  An elephant (D:8)
  Maggie (D:8)
  A komodo dragon (D:8)
  Prince Ribbit (D:5)
  A blink frog (Bailey)
  6 humans (Bailey)
  A steam dragon (D:8)
  A basilisk (D:7)
  2 water moccasins
  2 ice beasts
  2 orc warriors
  2 sky beasts
  A black bear (D:8)
  2 ogres (D:6)
  2 phantoms
  4 centaurs
  A kobold brigand (D:8)
  2 gnoll sergeants
  9 bullfrogs
  3 scorpions
  12 wights
  A bombardier beetle (D:6)
  A hound (D:4)
  3 jellies
  4 orc priests
  A sleepcap (D:5)
  Jessica (D:2)
  An iguana (D:5)
  Ijyb (D:5)
  4 orc wizards
  Robin (D:5)
  18 gnolls
  6 adders
  4 white imps
  7 ribbon worms
  4 dart slugs
  27 orcs
  5 endoplasms
  2 giant cockroaches
  14 goblins
  9 hobgoblins
  2 quokkas
  8 ball pythons
  8 bats
  7 frilled lizards
  6 kobolds
  6 rats
210 creatures vanquished.

Vanquished Creatures (collateral kills)
  2 gnolls (D:5)
  An orc (D:6)
  A goblin (D:1)
4 creatures vanquished.

Vanquished Creatures (others)
  An orc wizard (D:7)
  2 orcs (D:7)
  A bat zombie (D:1)
4 creatures vanquished.

Grand Total: 218 creatures vanquished

Notes
Turn   | Place    | Note
-------+----------+-------------------------------------------
     0 | D:1      | spaghetti the Tengu Chaos Knight began the quest for the
                  | Orb.
     0 | D:1      | Reached XP level 1. HP: 14/14 MP: 2/2
    33 | D:1      | XOM: potion effect (brilliance)
    78 | D:1      | Reached XP level 2. HP: 19/19 MP: 3/3
   304 | D:1      | Reached XP level 3. HP: 24/24 MP: 4/4
   322 | D:1      | XOM: scenery: create altars
   532 | D:2      | Noticed Jessica
   537 | D:2      | Killed Jessica
   544 | D:2      | Reached XP level 4. HP: 30/30 MP: 5/5
   750 | D:2      | Reached skill level 5 in Fighting
   802 | D:2      | XOM: fake destruction
   805 | D:2      | XOM: summons 4 friendly demons
   813 | D:2      | Reached XP level 5. HP: 33/35 MP: 6/6
   947 | D:2      | Found a faded altar of an unknown god.
  1208 | D:3      | Found a shimmering altar of Xom.
  1208 | D:3      | Found a shimmering altar of Xom.
  1208 | D:3      | Found a shimmering altar of Xom.
  1209 | D:3      | Found a shimmering altar of Xom.
  1210 | D:3      | Found a shimmering altar of Xom.
  1210 | D:3      | Found a shimmering altar of Xom.
  1212 | D:3      | Found a shimmering altar of Xom.
  1231 | D:3      | Identified the orb of Valiance {*Rage, rF+ rN+ Dex+5 Stlth-
                  | Earth}
  1305 | D:3      | Found a sparkling altar of Nemelex Xobeh.
  1514 | D:3      | Found an opulent altar of Gozag.
  1519 | D:3      | Found Gozag's Platinum Reserve.
  1999 | D:3      | XOM: give mutations
  1999 | D:3      | Gained mutation: Your mind is acute. (Int +4, Str/Dex -1)
                  | [Xom's mischief]
  1999 | D:3      | Gained mutation: You have supernaturally acute eyesight.
                  | (SInv) [Xom's mischief]
  1999 | D:3      | Gained mutation: Your mind is very acute. (Int +8, Str/Dex
                  | -2) [Xom's mischief]
  2029 | D:3      | Reached skill level 4 in Long Blades
  2203 | D:4      | Noticed a phantom
  2205 | D:4      | XOM: confusion (+ monsters)
  2209 | D:4      | XOM: confuse monster(s)
  2213 | D:4      | Killed a phantom
  2214 | D:4      | Reached skill level 5 in Long Blades
  2214 | D:4      | Reached XP level 6. HP: 41/41 MP: 7/7
  2282 | D:4      | XOM: 2-stop teleportation journey
  2296 | D:4      | Noticed SuccubiThighs's ghost (amateur OnGl)
  2297 | D:4      | Found a transporter.
  2297 | D:4      | Found a transporter.
  2387 | D:4      | Found a hide-covered altar of Uskayaw.
  2387 | D:4      | Noticed a +0 spear
  2387 | D:4      | Noticed a +0 short sword
  2387 | D:4      | Noticed a +0 dagger
  2388 | D:4      | Noticed a +0 falchion
  2389 | D:4      | Noticed a +0 falchion
  2390 | D:4      | Noticed a +0 dagger
  2391 | D:4      | Noticed a +0 spear
  2394 | D:4      | Noticed a +0 short sword
  2503 | D:4      | XOM: smoke on damage
  2755 | D:4      | Reached skill level 6 in Long Blades
  3002 | D:5      | Entered Level 5 of the Dungeon
  3009 | D:5      | XOM: summons 4 friendly demons
  3014 | D:5      | Gained mutation: Your magical flight helps you evade
                  | attacks. (EV +4) [Tengu growth]
  3014 | D:5      | Reached XP level 7. HP: 34/45 MP: 8/8
  3218 | D:5      | Found Ymip's Antique Armour Shoppe.
  3224 | D:5      | Bought a spiked leather armour for 168 gold pieces
  3224 | D:5      | Identified the +1 leather armour of Atheism {rElec} (You
                  | bought it in a shop on level 5 of the Dungeon)
  3245 | D:5      | Identified the +3 scale mail of Qanal {Will+ Regen+ Str+3
                  | Int+5}
  3269 | D:5      | Learned a level 4 spell: Sticky Flame
  3330 | D:5      | Reached skill level 7 in Long Blades
  3391 | D:5      | XOM: god gift: twisted chain mail {god gift}
  3391 | D:5      | Identified the +0 chain mail of Pragmatism {rElec rF+ rN+
                  | Str-2} (Xom gifted it to you on level 5 of the Dungeon)
  3414 | D:5      | XOM: confusion (+ monsters)
  3425 | D:5      | XOM: scenery: 2 doors open
  3453 | D:5      | Identified the ring of Duacegess {rN+ rCorr Str-3 Dex+6}
  3455 | D:5      | Noticed Prince Ribbit
  3467 | D:5      | Killed Prince Ribbit
  3468 | D:5      | Reached skill level 8 in Long Blades
  3468 | D:5      | Reached XP level 8. HP: 51/51 MP: 9/9
  3528 | D:5      | Noticed Ijyb
  3528 | D:5      | Noticed Robin
  3537 | D:5      | Reached skill level 9 in Long Blades
  3541 | D:5      | XOM: cast spell 'Death Channel'
  3546 | D:5      | Killed Robin
  3546 | D:5      | HP: 1/49 [Ijyb/+0 dagger (5)]
  3547 | D:5      | Killed Ijyb
  3599 | D:5      | Reached skill level 10 in Long Blades
  3621 | D:5      | XOM: noise
  3623 | D:5      | XOM: god gift: scroll labelled SUONAO ZOEDAKH {god gift}
  3775 | D:5      | XOM: confuse monster(s)
  4024 | D:6      | HP: 1/51 [gnoll/+1 flail of holy wrath[a gnoll sergeant]
                  | (9)]
  4174 | D:6      | XOM: 1-stop teleportation journey
  4247 | D:6      | XOM: summons friendly iron imp
  4252 | D:6      | Reached skill level 11 in Long Blades
  4296 | D:6      | Reached XP level 9. HP: 49/55 MP: 10/10
  4635 | D:6      | XOM: divination: detect items
  4729 | D:6      | XOM: scenery: create altars
  4744 | D:6      | XOM: scenery: create altars
  4745 | D:6      | Reached skill level 12 in Long Blades
  5166 | D:6      | XOM: cloud trail
  5440 | D:7      | Found a sacrificial altar of Ru.
  5445 | D:7      | Found a staircase to the Ecumenical Temple.
  5490 | D:7      | XOM: scenery: create altars
  5663 | D:7      | Reached skill level 13 in Long Blades
  5747 | D:7      | XOM: silly message
  5773 | D:7      | XOM: destruction
  5821 | D:7      | Found an ornate altar of the Wu Jian Council.
  6157 | D:7      | Found a shimmering blue altar of Sif Muna.
  6244 | D:8      | Identified the +10 war axe "Kaduer" {heavy, rPois rC-
                  | Int+2}
  6295 | D:8      | XOM: noise
  6356 | D:8      | Noticed an elephant
  6361 | D:8      | Reached skill level 14 in Long Blades
  6367 | D:8      | Killed an elephant
  6368 | D:8      | Reached XP level 10. HP: 63/63 MP: 11/11
  6377 | D:8      | Noticed Maggie
  6390 | D:8      | XOM: confuse monster(s)
  6391 | D:8      | Killed Maggie
  6456 | D:8      | Found a snail-covered altar of Cheibriados.
  6549 | D:8      | Found a flagged portal.
  6558 | Bailey   | Entered a bailey
  6695 | Bailey   | Noticed a vault guard
  6702 | Bailey   | Killed a vault guard
  6703 | Bailey   | Reached skill level 10 in Fighting
  6731 | Bailey   | Noticed a vault guard
  6740 | Bailey   | XOM: summons 10 friendly demons
  6748 | Bailey   | XOM: potion effect (invisibility)
  6763 | Bailey   | HP: 2/102 [vault guard/+0 broad axe (7)]
  6764 | Bailey   | Killed a vault guard
  6764 | Bailey   | XOM: cast spell 'Metabolic Englaciation'
  6906 | Bailey   | Reached XP level 11. HP: 53/73 MP: 12/12
  6982 | Bailey   | XOM: stat loss: -1 Int (20/21)
  7261 | D:8      | XOM: 9-stop teleportation journey
  7264 | D:8      | XOM: blink monster(s)
  7339 | D:8      | Found a staircase to the Lair.
  7551 | D:8      | Found a burning altar of Makhleb.
  7643 | D:9      | XOM: draining
  7644 | D:9      | Paralysed by a hornet for 3 turns
  7646 | D:9      | Mangled by a hornet

Illustrated notes

Levels and vault maps discovered:
D:1:      zelgadis_glass_arrival_small, layout_rooms
D:2:      layout_loops_ring, shapermc_ecumenical_altar_acropolis, uniq_jessica
D:3:      layout_loops_corners, mainiacjoe_overflow_small_starburst,
          nicolae_gozag_zags_fifth_avenue, nicolae_xom_altar_mimics, st_stairs_6
D:4:      layout_loops_ring, nicolae_uskayaw_en_pointe, gammafunk_ghost_arena
D:5:      layout_gridville, serial_shops, shop_statue, nicolae_goblin_pals,
          uniq_prince_ribbit1
D:6:      layout_layer_cave
D:7:      layout_cave_pools, lemuel_blue_sif_altar,
          mainiacjoe_overflow_24_doors, nicolae_ru_path_of_blood,
          minmay_temple_entry_glass, nicolae_hexahallways, minmay_microvault
D:8:      layout_basic, mainiacjoe_overflow_swirl,
          grunt_lair_entry_orc_guard_hut, enter_bailey_2, uniq_maggie
D:9:      minmay_the_grid_octo_tiled_squarecenter
          [minmay_the_grid_octo_checkerflower, minmay_the_grid_octo_clover_2,
          minmay_the_grid_octo_tetromino_candy,
          minmay_the_grid_octo_thin_diamonds,
          minmay_the_grid_square_5x5_megaprize_diamond,
          minmay_the_grid_square_5x5_two_walls_a,
          minmay_the_grid_square_5x5_trominoes, minmay_the_grid_square_5x5_z,
          minmay_the_grid_square_5x5_eight], layout_basic, zin_angel,
          kennysheep_generic_room_2, uniq_psyche

Skill      XL: |  1  2  3  4  5  6  7  8  9 10 11 |
---------------+----------------------------------+-----
Fighting       | 4 5 7 10 11 | 11.7
Long Blades    | 5 6 8 11 14 | 14.0
Armour         | |  2.1
Dodging        | |  1.1

Action                     |  1- 3 |  4- 6 |  7- 9 | 10-12 || total
---------------------------+-------+-------+-------+-------++-------
  Melee: Falchion          |    55 |   148 |   192 |   125 ||   520
         Kick              |    14 |    31 |    44 |    44 ||   133
         Peck              |     7 |    19 |    24 |    43 ||    93
  Evoke: Wand              |       |       |       |     2 ||     2
    Use: Scroll            |     2 |     3 |    11 |       ||    16
         Potion            |       |     4 |     1 |     2 ||     7
   Stab: Confused          |       |     1 |     1 |       ||     2
         Sleeping          |       |     1 |       |       ||     1
 Armour: Leather armour    |    19 |    55 |    93 |    75 ||   242
         Skin              |       |    21 |       |       ||    21
  Dodge: Dodged            |    41 |   104 |   168 |    86 ||   399
